 Dungeon Crawl Stone Soup version 0.31-a0-360-gb3e1d13bf4 (webtiles) character file.

Game seed: 13709467829242215062

1437 drugrobin the Insei (level 8, 0/93 HPs)
             Began as a Demigod Delver on July 27, 2023.
             Slain by a gnoll
             ... wielding a +2 spear of venom
              (2 damage)
             ... on level 3 of the Dungeon.
             The game lasted 00:16:20 (5499 turns).

drugrobin the Insei (Demigod Delver)                Turns: 5499, Time: 00:16:21

Health: 0/93       AC: 24    Str: 13    XL:     8   Next: 21%
Magic:  10/10      EV:  2    Int: 12    God:
Gold:   309        SH:  0    Dex: 35    Spells: 7/7 levels left

rFire   . .          .
                       - Unarmed
rCold   . . .        (no shield)
rNeg    . . .        F - melded +3 leather armour {rPois}
rPois   +            (helmet currently unavailable)
rElec   .            y - melded +0 cloak {Stlth+}
rCorr   .            (gloves currently unavailable)
SInv    .            k - melded +2 pair of boots
Will    .....        (no amulet)
Stlth   ++++         x - +6 ring of dexterity
HPRegen 0.35/turn    A - +6 ring of dexterity
MPRegen 0.12/turn

%: no passive effects
@: lethally poisoned (0 -> -3), tree-form
A: stationary, stasis, torment immunity, boosted hp, high MP 1, forlorn, divine
attributes, (iridescent scales 1), (shaggy fur 1)
a: no special abilities


You were on level 3 of the Dungeon.
You were a tree.
You visited 1 branch of the dungeon, and saw 5 of its levels.

You collected 309 gold pieces.

Inventory:

Hand Weapons
 E - a +0 dagger of venom
Missiles
 r - 2 poisoned darts
Armour
 k - a +2 pair of boots (melded)
 y - a +0 cloak of stealth (melded)
 F - a +3 leather armour of poison resistance (melded)
 H - the +0 robe "Kuog" {rPois rF- Regen+ Archmagi}
   (You took it off a gnoll on level 5 of the Dungeon)

   rF:        It makes you vulnerable to fire.
   rPois:     It protects you from poison.
   Regen:     It increases your rate of health regeneration.
   Archmagi:  It increases the power of your magical spells.
Magical Staves
 a - a staff of fire
Jewellery
 j - a +5 ring of evasion
 p - a +4 ring of protection
 t - a ring of willpower
 x - a +6 ring of dexterity (left branch)
 A - a +6 ring of dexterity (right branch)
 D - a ring of ice
Talismans
 l - a beast talisman
Wands
 d - a wand of charming (4)
 f - a wand of digging (3)
 q - a wand of mindburst (7)
 B - a wand of polymorph (1)
Scrolls
 b - a scroll of fog
 c - 6 scrolls of revelation
 g - 5 scrolls of teleportation {unknown}
 h - 5 scrolls of identify {unknown}
 i - 2 scrolls of immolation {unknown}
 n - a scroll of enchant armour {unknown}
 o - 3 scrolls of vulnerability {unknown}
 s - a scroll of noise {unknown}
 w - 2 scrolls of blinking {unknown}
 G - a scroll of brand weapon {unknown}
Potions
 e - a potion of haste
 m - a potion of mutation
 v - a potion of curing {unknown}
 z - a potion of brilliance {unknown}
 C - a potion of might {unknown}


   Skills:
 - Level 2.6 Fighting
 - Level 1.7 Dodging
 - Level 4.5 Stealth
 * Level 7.3 Unarmed Combat
 - Level 4.0 Evocations
 + Level 3.8 Shapeshifting


You had 7 spell levels left.
You didn't know any spells.
Your spell library contained the following spells:

 Spells                   Type           Power      Damage    Failure   Level
 Apportation              Tloc           0%         N/A       32%         1
 Necrotise                Necr           0%         1d4       32%         1
 Vampiric Draining        Necr           0%         2d6       69%         3
 Agony                    Necr           0%         N/A       100%        5
 Alistair's Intoxication  Tmut/Pois      0%         N/A       100%        5


Dungeon Overview and Level Annotations

Branches:
Dungeon (5/15)             Temple (0/1) D:4

Shops:
D:4 [

Annotations:
D:3 1 transporter, relicbr's ghost, amateur DsHu


Innate Abilities, Weirdness & Mutations

You are a tree.
Your roots penetrate the ground, keeping you stationary.
You cannot be teleported.
You are immune to unholy pain and torment.
Your maximum health is greatly increased.
Your equipment is partially melded.
You have an increased reservoir of magic. (+10% MP)
You shall have no god before yourself.
Your divine heritage dramatically boosts your attributes as you level up.
((You are partially covered in iridescent scales. (AC +2)))
((You are covered in fur. (AC +1)))


Message History

The gnoll hits you from afar with a +2 spear of venom!
The gnoll hits you from afar with a +0 spear.
The gnoll hits you from afar with the +3 halberd of the Insatiable Scars {venom, *Corrode rC++ Dex+4}!
* * * LOW HITPOINT WARNING * * *
Unknown command.
Unknown command.
Unknown command.
Unknown command.
Unknown command.
Unknown command.
Unknown command.
Unknown command.
* * * LOW HITPOINT WARNING * * *
You feel sick.
Unknown command.
Unknown command.
It was a potion of mutation.
You feel extremely strange.
Iridescent scales grow over part of your body.
Fur sprouts all over your body.
* * * LOW HITPOINT WARNING * * *
You feel sick.
The gnoll throws a throwing net.
The throwing net hits you.
You become entangled in the net!
Unknown command.
Unknown command.
Unknown command.
Okay, then.
It was a potion of lignification.
Your transformation has ended.
Your +0 cloak of stealth unmelds from your body.
Your +2 pair of boots unmelds from your body.
You feel stealthy.
You turn into a tree.
Your +0 cloak of stealth melds into your body.
Your +2 pair of boots melds into your body.
Your +3 leather armour of poison resistance melds into your body.
You feel less stealthy.
You no longer feel resistant to poison.
Your roots penetrate the ground.
The net rips apart!
* * * LOW HITPOINT WARNING * * *
You feel sick.
The gnoll hits you from afar with a +2 spear of venom.
You die...

##...## #...###.##.####...
#..########.###.##..###...
#..................(......
#..≈≈≈≈≈≈≈≈≈≈≈...≈≈≈≈≈≈≈≈≈
#..≈≈≈≈≈≈≈≈≈≈≈...≈≈≈≈≈≈≈≈≈
#..≈≈#####...........#####
#..≈≈#...#.###.©.###.#...#
#..≈≈#...###.#####g###...#
#..≈≈###.♣...:.........###
#..≈≈.8#.######'###'##.#8.
#..≈≈.##g#...#8g.#...#.##.
#..~~.#.g'g.:#⌠©.gg..'..#.
#..≈≈.##g#...#8..#...#.##.
#..≈≈.8#.######'###'##.#8.
#..≈≈###.........../...###
#..≈≈#...###.#####©###...#
#..≈≈#...#.###.©.###.#...#


You could see 4 gnolls.

Vanquished Creatures
  Menkaure (D:4)
  2 ogres (D:5)
  2 ice beasts
  A bullfrog (D:5)
  2 scorpions (D:5)
  A howler monkey (D:4)
  6 hounds (D:5)
  A gnoll bouda (D:5)
  An orc priest (D:4)
  6 iguanas
  Natasha (twice) (D:4)
  An orc wizard (D:3)
  3 gnolls
  9 adders
  An ufetubus (D:5)
  2 worms (D:3)
  16 orcs
  5 ball pythons
  8 endoplasms
  A giant cockroach (D:3)
  3 goblins
  9 hobgoblins
  8 jackals
  5 kobolds
  8 quokkas
  4 bats
  A frilled lizard (D:3)
  6 rats
115 creatures vanquished.

Vanquished Creatures (others)
  A water moccasin (D:5)
1 creature vanquished.

Grand Total: 116 creatures vanquished

Notes
Turn   | Place    | Note
-------+----------+-------------------------------------------
     0 | D:5      | drugrobin the Demigod Delver began the quest for the Orb.
     0 | D:5      | Reached XP level 1. HP: 18/18 MP: 3/3
    58 | D:5      | Reached skill level 2 in Unarmed Combat
    71 | D:5      | Noticed an iguana
   131 | D:2      | Reached XP level 2. HP: 25/25 MP: 4/4
   406 | D:2      | Reached skill level 3 in Unarmed Combat
   550 | D:2      | Reached XP level 3. HP: 30/30 MP: 5/5
  1576 | D:1      | Reached skill level 1 in Shapeshifting
  1989 | D:3      | Found a transporter.
  1995 | D:3      | Identified the +3 halberd of the Insatiable Scars {venom,
                  | *Corrode rC++ Dex+4}
  2278 | D:3      | Reached XP level 4. HP: 36/37 MP: 6/6
  2530 | D:3      | Reached skill level 4 in Unarmed Combat
  2674 | D:3      | Found a transporter.
  2809 | D:3      | Noticed relicbr's ghost (amateur DsHu)
  2885 | D:4      | Found a staircase to the Ecumenical Temple.
  2909 | D:4      | Noticed Menkaure
  2912 | D:4      | HP: 1/37 [Menkaure/nerve-wracking pain (4)]
  2916 | D:4      | Killed Menkaure
  2917 | D:4      | Reached skill level 1 in Evocations
  2917 | D:4      | Reached XP level 5. HP: 3/42 MP: 7/7
  3123 | D:4      | Reached XP level 6. HP: 50/50 MP: 8/8
  3191 | D:4      | Reached skill level 5 in Unarmed Combat
  3290 | D:4      | Noticed Natasha
  3300 | D:4      | Killed Natasha
  3718 | D:4      | Noticed Natasha
  4063 | D:4      | Noticed Ijyb
  4080 | D:4      | Found Jinyohyi's Armour Emporium.
  4092 | D:4      | Killed Natasha
  4115 | D:4      | Ijyb changed into Ijyb the ice beast
  4115 | D:4      | Noticed Ijyb
  4141 | D:4      | Killed Ijyb the ice beast
  4356 | D:5      | Reached XP level 7. HP: 56/56 MP: 9/9
  4449 | D:5      | Reached skill level 6 in Unarmed Combat
  4842 | D:5      | Reached skill level 7 in Unarmed Combat
  4842 | D:5      | Reached XP level 8. HP: 53/62 MP: 10/10
  5036 | D:5      | Identified the +0 robe "Kuog" {rPois rF- Regen+ Archmagi}
  5497 | D:3      | HP: 3/62 [poisoned by a gnoll]
  5498 | D:3      | Gained mutation: You are partially covered in iridescent
                  | scales. (AC +2) [potion of mutation]
  5498 | D:3      | Gained mutation: You are covered in fur. (AC +1) [potion of
                  | mutation]
  5498 | D:3      | HP: 1/62 [poisoned by a gnoll]
  5499 | D:3      | Slain by a gnoll

Illustrated notes

Levels and vault maps discovered:
D:1:      minmay_arrival_shoal_huts, layout_basic, minivault_11,
          chequers_mini_garden
D:2:      layout_loops_ring, basic_ecumenical_altar, nicolae_titane
D:3:      layout_basic, nicolae_wu_jian_wuxing_cycle,
          gammafunk_ghost_gnarly_gnolls
D:4:      layout_basic, nicolae_gozag_seed_capital,
          minmay_temple_entry_gardened_gates, serial_shops, shop, uniq_menkaure,
          uniq_natasha, uniq_ijyb
D:5:      minmay_octagon_keep, layout_rooms, mainiacjoe_overflow_24_doors,
          chequers_serial_rivers_room_a, hangedman_decor_clover_reticule

Skill      XL: |  1  2  3  4  5  6  7  8 |
---------------+-------------------------+-----
Unarmed Combat | 2 3 4 5 7 |  7.3
Shapeshifting  | 1 2 3 |  3.8
Evocations     | 1 2 3 4 |  4.0
Fighting       | |  2.6
Dodging        | |  1.7
Stealth        | |  4.5

Action                     |  1- 3 |  4- 6 |  7- 9 || total
---------------------------+-------+-------+-------++-------
  Melee: Unarmed           |   179 |   225 |   143 ||   547
         Punch             |     4 |     7 |     6 ||    17
  Throw: Dart              |       |     2 |    10 ||    12
         Throwing net      |       |       |     1 ||     1
  Evoke: Wand              |       |    11 |     2 ||    13
    Use: Scroll            |       |     1 |       ||     1
         Potion            |       |       |     2 ||     2
   Stab: Sleeping          |    10 |     3 |     1 ||    14
         Distracted        |       |     1 |     2 ||     3
         Held in net/web   |       |       |     1 ||     1
 Armour: Leather armour    |    31 |    72 |    37 ||   140
  Dodge: Dodged            |   118 |   105 |    84 ||   307
   Form: Beast             |     1 |       |     1 ||     2
                           |       |     1 |       ||     1

Table legend: (Time is in decaauts)
 A = Elapsed time spent in this place.
 B = Non-inter-level travel time spent in this place.
 C = Inter-level travel time spent in this place.
 D = Time resting spent in this place.
 E = Time spent auto-exploring this place.
 F = Levels seen in this place.
 G = Mean time per level.
                   A        B        C        D        E       F      G
               +--------+--------+--------+--------+--------+-----+--------+
         Total |   5452 |   5056 |    396 |    346 |   3060 |   5 | 1090.4 |
       Dungeon |   5452 |   5056 |    396 |    346 |   3060 |   5 | 1090.4 |
               +--------+--------+--------+--------+--------+-----+--------+

Top non-repeatable levels by time:
     D:4: 1225 daAuts
     D:3: 1172 daAuts
     D:5: 1158 daAuts
     D:2: 1057 daAuts
     D:1: 838 daAuts
